 Dungeon Crawl Stone Soup version 0.29-a0-397-g846e4a0bbc (console) character file.

Game seed: 14707977913639755796

34 yae the Shield-Bearer (level 3, -1/18 HPs)
             Began as a Vine Stalker Wanderer on May 11, 2022.
             Succumbed to a kobold's poison
             ... on level 1 of the Dungeon.
             The game lasted 00:01:32 (1689 turns).

yae the Shield-Bearer (Vine Stalker Wanderer)       Turns: 1689, Time: 00:01:33

Health: -1/18      AC:  8    Str: 11 (14) XL:     3   Next: 31%
Magic:  4/4        EV:  4    Int: 11 (12) God:
Gold:   46         SH:  5    Dex: 13 (15) Spells: 2/2 levels left

rFire   . . .      SeeInvis .   a - +2 short sword (flame)
rCold   . . .      Faith    .   c - +0 buckler
rNeg    . . .      Spirit   +   i - +0 chain mail
rPois   .          Reflect  .   (no helmet)
rElec   .          Harm     .   (no cloak)
rCorr   .          Rampage  .   (no gloves)
Will    .....                   (no boots)
Stlth   ..........              (no amulet)
HPRegen 0.06/turn               (no ring)
MPRegen 0.09/turn               (no ring)

@: brilliant, lethally poisoned (-1 -> -10), hasted, very quick
A: fangs 2, magic shield, antimagic bite, no potion heal 2
a: no special abilities


You were on level 1 of the Dungeon.
You visited 1 branch of the dungeon, and saw 1 of its levels.

You collected 46 gold pieces.

Inventory:

Hand Weapons
 a - a +2 short sword of flaming (weapon)
 b - a +0 quarterstaff
Armour
 c - a +0 buckler (worn)
 i - a +0 chain mail (worn)
Scrolls
 d - a scroll of fear {unknown}
 g - 3 scrolls of brand weapon
Potions
 h - a potion of degeneration


   Skills:
 - Level 1.0 Fighting
 + Level 2.9 Short Blades
 - Level 1.7 Staves
 - Level 1.0 Throwing
 - Level 4.0 Shields


You had 2 spell levels left.
You didn't know any spells.
Your spell library contained the following spells:

 Spells                   Type           Power      Damage    Failure   Level
 Ensorcelled Hibernation  Hex/Ice        0%         N/A       100%        2
 Passwall                 Tmut/Erth      0%         N/A       100%        2
 Gell's Gravitas          Tloc           0%         N/A       100%        3
 Swiftness                Air            0%         N/A       100%        3
 Teleport Other           Tloc           0%         N/A       100%        3
 Cause Fear               Hex            0%         N/A       100%        4
 Dispersal                Tloc           0%         N/A       100%        6
 Dragon Form              Tmut           0%         N/A       100%        7
 Dragon's Call            Summ           0%         N/A       100%        9


Dungeon Overview and Level Annotations

Branches:
Dungeon (1/15)

Altars:


Innate Abilities, Weirdness & Mutations

You have extremely sharp teeth.
When hurt, damage is shared between your health and your magic reserves.
Your bite disrupts and absorbs the magic of your enemies.
Potions cannot restore your health.


Message History

You puncture the kobold! You burn the kobold.
You kill the kobold!
Things that are here:
a +0 club; a kobold corpse You now have 46 gold pieces (gained 6).
e - a grey potion A kobold comes into view.
It is wielding a +0 dagger of venom.
The kobold throws a stone.
You block the stone.
A kobold is nearby!
A kobold is nearby!
A rat comes into view.
You block the kobold's attack.
You barely miss the kobold. You bite the kobold, but do no damage.
The kobold hits you with a +0 dagger of venom.
You are poisoned.
The kobold hits you with a +0 dagger of venom.
You are lethally poisoned!
You closely miss the kobold. You bite the kobold. You drain its power.
The kobold is heavily wounded.
You feel very sick.
You completely miss the kobold.
The kobold is heavily wounded.
You feel very sick. The kobold hits you but does no damage.
You are more poisoned.
You hit the kobold. You burn the kobold.
You kill the kobold!
You feel very sick.
It was a potion of degeneration.
There was something very wrong with that liquid.
You feel weakened.
You feel dopey.
You feel clumsy.
* * * LOW HITPOINT WARNING * * *
You feel very sick. The rat bites you but does no damage.
It was a potion of brilliance.
You feel clever all of a sudden.
* * * LOW HITPOINT WARNING * * *
You feel sick. The rat bites you but does no damage.
It was a potion of haste.
You feel yourself speed up.
You die...

#########.# #.# #.##..#
..........#####.# #.##..###
#...............# #..#..##.
#.################## ##.#..##.
#.# #...........#######....##.
#.# #.##....###.#...........'.
#.# +......#.#.######...##. #.#
#....#.#.#.#...##...### #.#
#....#@#.#.#.#.##..># #.#
#....#r#)#.#.#.##.#.# #.#
#....#.#.#.#.#.##.#.# #.#
######.#.#.#.#.##.#.# #.#
..#.#...#.##.#.#
#.################.#.###.##.#.#
...................#.....##.#.#
#.#########################.#.#
............................#.#


You could see a rat.

Vanquished Creatures
  2 dart slugs (D:1)
  An endoplasm (D:1)
  A giant cockroach (D:1)
  2 goblins (D:1)
  8 jackals (D:1)
  2 quokkas (D:1)
  2 ball pythons (D:1)
  A bat (D:1)
  A frilled lizard (D:1)
  5 kobolds (D:1)
  A rat (D:1)
26 creatures vanquished.

Notes
Turn   | Place    | Note
-------+----------+-------------------------------------------
     0 | D:1      | yae the Vine Stalker Wanderer began the quest for the Orb.
     0 | D:1      | yae set off with the following items: a +2 short sword, a
                  | +0 quarterstaff, a +0 buckler, a scroll of teleportation, a
                  | +0 robe
     0 | D:1      | Reached XP level 1. HP: 10/10 MP: 2/2
   654 | D:1      | Reached XP level 2. HP: 6/14 MP: 3/3
  1160 | D:1      | Reached skill level 4 in Shields
  1220 | D:1      | Reached XP level 3. HP: 13/18 MP: 2/4
  1689 | D:1      | Succumbed to a kobold's poison

Illustrated notes

Levels and vault maps discovered:
D:1:      amcnicky_arrival_flooded_fountain, layout_basic

Skill      XL: |  1  2 |
---------------+-------+-----
Short Blades   | 2 |  2.9
Shields        | 4 |  4.0
Fighting       | |  1.0
Staves         | |  1.7
Throwing       | |  1.0

Action                   || total
-------------------------++-------
Melee: Short sword       ||    86
       Bite              ||    15
  Use: Scroll            ||     2
       Potion            ||     3
Armor: Robe              ||     2
       Chain mail        ||    33
Dodge: Dodged            ||    23
Block: Buckler           ||    21

Table legend: (Time is in decaauts)
 A = Elapsed time spent in this place.
 B = Non-inter-level travel time spent in this place.
 C = Inter-level travel time spent in this place.
 D = Time resting spent in this place.
 E = Time spent auto-exploring this place.
 F = Levels seen in this place.
 G = Mean time per level.
                   A        B        C        D        E       F      G
               +--------+--------+--------+--------+--------+-----+--------+
         Total |   1691 |   1684 |      7 |    852 |    630 |   1 | 1691.0 |
       Dungeon |   1691 |   1684 |      7 |    852 |    630 |   1 | 1691.0 |
               +--------+--------+--------+--------+--------+-----+--------+

Top non-repeatable levels by time:
     D:1: 1691 daAuts
